 Dungeon Crawl Stone Soup version 0.31-a0-986-g5e6e4ef867 (webtiles) character file.

Game seed: 9333245789924684585

217 Persephone the Poker (level 5, 0/36 (42) HPs)
             Began as a Minotaur Gladiator on Nov 17, 2023.
             Slain by a kobold brigand
             ... wielding a +2 short sword of draining
              (3 damage)
             ... in a sewer on Nov 18, 2023.
             The game lasted 00:03:30 (2752 turns).

Persephone the Poker (Minotaur Gladiator)           Turns: 2752, Time: 00:03:31

HP:   0/36 (42)     AC:  6    Str: 17 (20) XL:     5   Next: 62%
MP:   4/4           EV:  9    Int:  4 (5)  God:
Gold: 118           SH:  3    Dex: 10 (12) Spells: 4/4 levels left

rFire   . . .        a - +0 trident
rCold   . . .        n - +0 buckler
rNeg    . . .        o - +0 scale mail
rPois   .            c - +0 hat
rElec   .            (no cloak)
rCorr   .            (no gloves)
SInv    .            (no boots)
Will    .....        (no amulet) Stlth
                     (no ring)
HPRegen 0.26/turn    (no ring)
MPRegen 0.09/turn

%: no passive effects
@: hasted, heavily drained, slow
A: horns 2, retaliatory headbutt
a: no special abilities


You were in a sewer.
You visited 1 branch of the dungeon, and saw 3 of its levels.
You also visited: Sewer.

You collected 118 gold pieces.

Inventory:

Hand Weapons
 a - a +0 trident (weapon)
Missiles
 d - 4 throwing nets (quivered)
 e - a javelin
Armour
 b - a +0 leather armour
 c - a +0 hat (worn)
 n - a +0 buckler (worn)
 o - a +0 scale mail (worn)
Jewellery
 p - a ring of poison resistance
 t - a ring of see invisible
 A - a ring of wizardry
Wands
 z - a wand of flame (18)
 D - a wand of roots (7)
 E - a wand of charming (9)
Scrolls
 g - a scroll of poison {unknown}
 h - a scroll of noise {unknown}
 i - 2 scrolls of fear {unknown}
 j - a scroll of summoning {unknown}
 l - 2 scrolls of enchant armour {unknown}
 m - 2 scrolls of enchant weapon {unknown}
 r - a scroll of amnesia {unknown}
 u - a scroll of blinking {unknown}
 v - a scroll of torment {unknown}
 w - 2 scrolls of teleportation {unknown}
 y - a scroll of fog {unknown}
 B - a scroll of identify {unknown}
 G - a scroll of silence {unknown}
Potions
 f - a potion of brilliance {unknown}
 k - a potion of attraction {unknown}
 s - a potion of enlightenment {unknown}
 C - a potion of ambrosia {unknown}
 F - 2 potions of heal wounds {unknown}


   Skills:
 - Level 2.4 Fighting
 + Level 7.7 Polearms
 - Level 2.0 Throwing
 - Level 3.2 Dodging


You had 4 spell levels left.
You didn't know any spells.
Your spell library contained the following spells:

 Spells                   Type           Power      Damage    Failure   Level
 Freeze                   Ice            0%         1d3       95%         1
 Slow                     Hex            0%         N/A       95%         1
 Confusing Touch          Hex            0%         N/A       100%        3
 Frozen Ramparts          Ice            0%         1d1       100%        3
 Hailstorm                Conj/Ice       0%         3d3       100%        3
 Sigil of Binding         Hex            0%         N/A       100%        3
 Vampiric Draining        Necr           0%         2d6       100%        3


Dungeon Overview and Level Annotations

Branches:
Dungeon (3/15)              Sewer (1/1)

Altars:
Ru


Innate Abilities, Weirdness & Mutations

You have a pair of horns on your head.
You reflexively headbutt those who attack you in melee.


Message History

Your headbutt misses the kobold brigand.
The kobold brigand is lightly wounded.
The kobold brigand hits you but does no damage.
You feel drained.
The kobold brigand splashes around in the water.
Your unstable footing causes you to fumble your attack.
The kobold brigand barely misses you.
Your unstable footing causes you to fumble your attack.
The kobold brigand completely misses you.
You furiously retaliate!
You headbutt the kobold brigand!
The kobold brigand hits you but does no damage.
You feel drained.
You closely miss the kobold brigand.
The kobold brigand is heavily wounded.
You feel yourself speed up.
The kobold brigand splashes around in the water.
You barely miss the kobold brigand.
The kobold brigand is heavily wounded.
The kobold brigand hits you with a +2 short sword of draining!
* * * LOW HITPOINT WARNING * * *
You feel drained.
* * * LOW HITPOINT WARNING * * *
Your unstable footing causes you to fumble your attack.
The kobold brigand barely misses you.
You barely miss the kobold brigand.
The kobold brigand is heavily wounded.
The kobold brigand completely misses you.
You feel yourself speed up.
The kobold brigand splashes around in the water.
You hit the kobold brigand.
Your headbutt misses the kobold brigand.
The kobold brigand is heavily wounded.
The kobold brigand closely misses you.
Your unstable footing causes you to fumble your attack.
You hit the kobold brigand. You headbutt the kobold brigand.
The kobold brigand is severely wounded.
The kobold brigand hits you with a +2 short sword of draining!
* * * LOW HITPOINT WARNING * * *
You feel drained.
You die...

#.###~# #~~..~# ##.~~##
#.~.# #..~# ##...#
##~~~~# ##### ##~~.~.#
#####~~~~.#
.~~~..########~~@K~#
~..~####.~~.~~.###~~~~.#
.~.## #.~..~.~~# #####
.~~####.~.~~.~~#
...~##.~~.####~.~~
~.~.~~~..## #####~~
~~~~~.~~## ..~.~.~~#
.~.~~~..#


You could see a kobold brigand.

Vanquished Creatures
  A kobold brigand (Sewer)
  3 gnolls (D:3)
  5 adders
  A worm (D:2)
  A dart slug (D:1)
  2 orcs (D:3)
  3 ball pythons
  6 bats
  7 endoplasms
  4 giant cockroaches
  3 goblins
  5 hobgoblins
  2 jackals (D:2)
  11 kobolds
  5 quokkas
  3 frilled lizards
  3 rats
65 creatures vanquished.

Notes
Turn   | Place    | Note
-------+----------+-------------------------------------------
     0 | D:1      | Persephone the Minotaur Gladiator began the quest for the
                  | Orb.
     0 | D:1      | Reached XP level 1. HP: 18/18 MP: 0/0
    56 | D:1      | Reached skill level 4 in Polearms
    64 | D:1      | Reached XP level 2. HP: 20/25 MP: 1/1
   609 | D:1      | Reached skill level 5 in Polearms
   902 | D:2      | Found a sacrificial altar of Ru.
   904 | D:2      | Reached XP level 3. HP: 30/30 MP: 2/2
  1055 | D:2      | Identified the +5 whip "Wymi" {distort, rPois Str-2 Int+5
                  | SInv}
  1758 | D:3      | Reached skill level 6 in Polearms
  1758 | D:3      | Reached XP level 4. HP: 20/37 MP: 3/3
  2356 | D:3      | Found a glowing drain.
  2402 | Sewer    | Entered a sewer
  2469 | Sewer    | Noticed a kobold brigand
  2483 | Sewer    | HP: 1/37 [kobold brigand/+1 dagger of venom (6)]
  2486 | Sewer    | Killed a kobold brigand
  2487 | Sewer    | Reached skill level 7 in Polearms
  2487 | Sewer    | Reached XP level 5. HP: 12/42 MP: 4/4
  2752 | Sewer    | Slain by a kobold brigand

Illustrated notes

Levels and vault maps discovered:
D:1:      lightli_arrival_chessboard, layout_loops_ring, solitary_fountain,
          kennysheep_nondescript
D:2:      layout_loops_ring, basic_altar, grunt_decor_clamped
D:3:      layout_rooms, gup_sewer_entry_bowl
Sewer:    sewer_co_tree

Skill      XL: |  1  2  3  4 |
---------------+-------------+-----
Polearms       | 4 5 6 7 |  7.7
Fighting       | |  2.4
Throwing       | |  2.0
Dodging        | |  3.2

Action                     |  1- 3 |  4- 6 || total
---------------------------+-------+-------++-------
  Melee: Trident           |   105 |    86 ||   191
         Headbutt          |    12 |    10 ||    22
         Punch             |     1 |       ||     1
    Use: Potion            |       |     4 ||     4
 Armour: Leather armour    |    13 |       ||    13
         Scale mail        |    21 |    40 ||    61
  Dodge: Dodged            |    32 |    27 ||    59
  Block: Buckler           |     2 |     8 ||    10

Table legend: (Time is in decaauts)
 A = Elapsed time spent in this place.
 B = Non-inter-level travel time spent in this place.
 C = Inter-level travel time spent in this place.
 D = Time resting spent in this place.
 E = Time spent auto-exploring this place.
 F = Levels seen in this place.
 G = Mean time per level.
                   A        B        C        D        E       F      G
               +--------+--------+--------+--------+--------+-----+--------+
         Total |   2805 |   2640 |    165 |      0 |   2212 |   4 |  701.2 |
       Dungeon |   2421 |   2256 |    165 |      0 |   1903 |   3 |  807.0 |
         Sewer |    383 |    383 |      0 |      0 |    309 |   1 |  383.0 |
               +--------+--------+--------+--------+--------+-----+--------+

Top non-repeatable levels by time:
     D:2: 900 daAuts
     D:1: 841 daAuts
     D:3: 679 daAuts
   Sewer: 383 daAuts
